 Dungeon Sprint DCSS version 0.20.1-1-g8b1a95d66d (webtiles) character file.

7009 Groucho the Unseen (level 10, -23/55 HPs)
             Began as a Spriggan Fighter on Jan 2, 2018.
             Was a High Priest of Uskayaw.
             Annihilated by a stone giant (32 damage)
             ... in the Dungeon (Sprint IX: "|||||||||||||||||||||||||||||").
             The game lasted 00:03:50 (2399 turns).

Groucho the Unseen (Spriggan Fighter)               Turns: 2399, Time: 00:03:51

Health: -23/55     AC:  3    Str: 16    XL:     10   Next: 82%
Magic:  15/19      EV: 30    Int: 10    God:    Uskayaw [*****.]
Gold:   26         SH:  8    Dex: 21    Spells: 9/9 levels left

rFire    . . .     SeeInvis +   n - +2 rapier (venom)
rCold    . . .     Gourm    .   c - +0 buckler
rNeg     . . .     Faith    .   b - +0 robe
rPois    .         Spirit   .   (helmet restricted)
rElec    .         Reflect  .   t - +0 cloak
rCorr    .         Harm     .   (gloves unavailable)
MR       +....     NoTele   +   (boots unavailable)
Stlth    ++++++++..             (no amulet)
Regen    0.2/turn               a - +3 ring of dexterity
MPRegen  0.2/turn               o - +3 ring of strength

@: very quick
A: unfitting armour, see invisible, herbivore 3, speed 3, slow metabolism 2
a: Stomp, Line Pass, Grand Finale, Renounce Religion


You were in the Dungeon.
You worshipped Uskayaw.
Uskayaw was aware of your devotion.
You were hungry.

You visited 1 branch You collected 26 gold pieces.

Inventory:

Hand Weapons
 n - a +2 rapier of venom (weapon)
Armour
 b - a +0 robe (worn)
 c - a +0 buckler (worn)
 t - a +0 cloak (worn)
Jewellery
 a - a +3 ring of dexterity (left hand)
 o - a +3 ring of strength (right hand)
Wands
 m - a wand of iceblast (7/15)
Scrolls
 j - 3 scrolls of remove curse
 k - 2 scrolls of blinking
 l - 2 scrolls of amnesia
 q - a scroll of identify
 r - a scroll of fog
 s - 2 scrolls of fear
Potions
 d - 2 potions of might
 e - 4 potions of curing
 h - 2 potions of brilliance
 i - 4 potions of magic
 p - a potion of berserk rage
 u - a potion of haste
Comestibles
 f - 13 bread rations
 g - 40 fruits


   Skills:
 + Level 7.2 Fighting
 - Level 14.6 Short Blades
 + Level 12.0 Dodging
 - Level 19.4 Stealth
 + Level 6.6 Shields
 * Level 11.2 Invocations


You had 9 spell levels left.
You didn't know any spells.

Dungeon Overview and Level Annotations

Branches:
Dungeon (1/1)

Altars:
Cheibriados
Dithmenos
Elyvilon
Fedhas
Gozag
Hepliaklqana
Kikubaaqudgha
Makhleb
Nemelex Xobeh
Okawaru
Qazlal
Ru
Sif Muna
Trog
Uskayaw
Vehumet
Xom
Yredelemnul
Zin
The Shining One
Beogh
Jiyva
Lugonu


Innate Abilities, Weirdness & Mutations

You are very small and have problems with some larger weapons.
You are too small for most types of armour.
You have supernaturally acute eyesight. (SInv)
You are a herbivore.
You cover ground extremely quickly.
You need consume almost no food.


Message History

Unknown command.
The stone giant hits the orc!!
The orc is killed!
Things that are here:
a club; 50 gold pieces You puncture the orc priest!
You kill the orc priest!
The stone giant seems less confused.
Unknown command.
The stone giant throws a large rock.
The large rock barely misses you.
Okay, then.
You block the stone giant's attack.
Items here: $ )) †† a hand axe; a falchion; 150 gold pieces; an orc corpse x2
Aiming: Grand Finale
Press: ? - help, Shift-Dir - straight line, f - stone giant
Aim: a stone giant (severely wounded, poisoned)
You fail to use your ability.
The stone giant hits you!!
Ouch! That really hurt!
You die...

___.___________________'....)'...
▓▓▓▓▓▓▓▓▓▓▓▓▓▓▓▓▓▓▓▓▓▓▓▓▓▓▓▓▓▓▓▓▓
.................................
▓▓▓▓▓▓▓▓▓▓▓▓▓▓▓▓▓▓▓▓▓▓▓▓▓▓▓▓▓▓▓▓▓
......†.'.........'......=(....!'
▓▓▓▓▓▓▓▓▓▓▓▓▓▓▓▓▓▓▓▓▓▓▓▓▓▓▓▓▓▓▓▓▓
......)..........................
▓▓▓▓▓▓▓▓▓▓▓▓▓▓▓▓▓▓▓▓▓▓▓▓▓▓▓▓▓▓▓▓▓
+().@C))))$)()'......
▓▓▓▓▓▓▓▓▓▓▓▓▓▓▓▓▓▓▓▓▓


You could see a stone giant.

Vanquished Creatures
  A hydra (D)
  A two-headed ogre (D)
  A lindwurm (D)
  An orc knight (D)
  An oklob plant (D)
  3 spiny frogs (D)
  A komodo dragon (D)
  A polar bear (D)
  A meliai (D)
  3 hippogriffs (D)
  A tarantella (shapeshifter) (D)
  A vampire (D)
  Eustachio (D)
  A warg (D)
  3 water moccasins (D)
  3 hell hounds (D)
  A porcupine (D)
  4 wolves (D)
  An ogre (D)
  A centaur (D)
  2 crocodiles (D)
  A bullfrog (D)
  2 scorpions (D)
  A wight (D)
  2 crimson imps (D)
  4 orc priests (D)
  A jelly (D)
  2 orc wizards (D)
  A dart slug (D)
  A leopard gecko (D)
  6 orcs (D)
  A bat zombie (D)
  A giant cockroach (D)
  2 jackals (D)
  A kobold (D)
  A frilled lizard (D)
  A rat (D)
61 creatures vanquished.

Notes
Turn   | Place    | Note
-------+----------+-------------------------------------------
     0 | D        | Groucho the Spriggan Fighter began the quest for the Orb.
     0 | D        | Reached XP level 1. HP: 11/11 MP: 2/2
     5 | D        | Reached skill level 1 in Stealth
    13 | D        | Reached skill level 3 in Stealth
    24 | D        | Noticed an ogre
    24 | D        | Noticed a scorpion
    24 | D        | Noticed a crimson imp
    30 | D        | Reached skill level 4 in Stealth
    30 | D        | Reached XP level 2. HP: 15/16 MP: 3/3
    42 | D        | Killed a crimson imp
    42 | D        | Reached skill level 5 in Short Blades
    42 | D        | Reached skill level 7 in Stealth
    42 | D        | Reached XP level 3. HP: 14/19 MP: 4/4
    47 | D        | Killed a scorpion
    47 | D        | Reached skill level 9 in Stealth
    47 | D        | Reached XP level 4. HP: 17/23 MP: 5/5
    49 | D        | Killed an ogre
    49 | D        | Reached skill level 11 in Stealth
    49 | D        | Reached XP level 5. HP: 20/27 MP: 6/6
   492 | D        | Found a roughly hewn altar of Beogh.
   492 | D        | Found a snail-covered altar of Cheibriados.
   492 | D        | Found a shadowy altar of Dithmenos.
   492 | D        | Found a white marble altar of Elyvilon.
   492 | D        | Found a blossoming altar of Fedhas.
   492 | D        | Found an opulent altar of Gozag.
   493 | D        | Found a hazy altar of Hepliaklqana.
   494 | D        | Found a viscous altar of Jiyva.
   495 | D        | Found an ancient bone altar of Kikubaaqudgha.
   496 | D        | Found a corrupted altar of Lugonu.
   497 | D        | Found a burning altar of Makhleb.
   498 | D        | Found a sparkling altar of Nemelex Xobeh.
   499 | D        | Found an iron altar of Okawaru.
   500 | D        | Found a stormy altar of Qazlal.
   501 | D        | Found a sacrificial altar of Ru.
   502 | D        | Found a deep blue altar of Sif Muna.
   503 | D        | Found a bloodstained altar of Trog.
   504 | D        | Found a hide-covered altar of Uskayaw.
   505 | D        | Found a radiant altar of Vehumet.
   507 | D        | Found a shimmering altar of Xom.
   508 | D        | Found a basalt altar of Yredelemnul.
   509 | D        | Found a glowing silver altar of Zin.
   510 | D        | Found a glowing golden altar of the Shining One.
   512 | D        | Became a worshipper of Uskayaw the Reveler
   541 | D        | Noticed a centaur
   541 | D        | Noticed a vampire
   541 | D        | Noticed a two-headed ogre
   545 | D        | Killed a two-headed ogre
   545 | D        | Reached skill level 16 in Stealth
   545 | D        | Reached XP level 6. HP: 32/32 MP: 7/7
   545 | D        | Reached XP level 7. HP: 35/35 MP: 8/8
   545 | D        | Reached * piety under Uskayaw
   547 | D        | Reached ** piety under Uskayaw
   548 | D        | Reached skill level 17 in Stealth
   551 | D        | Reached *** piety under Uskayaw
   552 | D        | Killed a vampire
   552 | D        | Reached XP level 8. HP: 39/39 MP: 9/9
   552 | D        | Reached **** piety under Uskayaw
   555 | D        | Reached ***** piety under Uskayaw
   557 | D        | Noticed a meliai
   557 | D        | Noticed a hippogriff
   559 | D        | Reached skill level 18 in Stealth
   562 | D        | Killed a hippogriff
   564 | D        | Killed a meliai
   564 | D        | Reached skill level 19 in Stealth
   564 | D        | Reached ****** piety under Uskayaw
   679 | D        | Noticed a spiny frog
   679 | D        | Noticed a komodo dragon
   679 | D        | Noticed a seven-headed hydra
   680 | D        | Noticed a hippogriff
   692 | D        | Killed a seven-headed hydra
   692 | D        | Reached XP level 9. HP: 34/45 MP: 9/13
   693 | D        | Reached skill level 5 in Invocations
   700 | D        | Killed a komodo dragon
   702 | D        | Killed a spiny frog
  1165 | D        | Noticed a lindwurm
  1172 | D        | Reached skill level 5 in Fighting
  1181 | D        | Killed a lindwurm
  1181 | D        | Reached XP level 10. HP: 51/51 MP: 15/17
  1184 | D        | Noticed a spiny frog
  1184 | D        | Noticed a spiny frog
  1185 | D        | Noticed an oklob plant
  1186 | D        | Killed a spiny frog
  1186 | D        | Reached skill level 5 in Shields
  1197 | D        | Killed a spiny frog
  1197 | D        | Reached skill level 10 in Dodging
  1237 | D        | Killed an oklob plant
  1784 | D        | Reached skill level 10 in Invocations
  2297 | D        | Noticed Eustachio
  2304 | D        | Killed Eustachio
  2352 | D        | Noticed an orc knight
  2359 | D        | Killed an orc knight
  2360 | D        | Noticed a stone giant
  2399 | D        | Annihilated by a stone giant

Skill      XL: |  1  2  3  4  5  6  7  8  9 10 |
---------------+-------------------------------+-----
Stealth        | 4 7 9 11 16 17 19 | 19.4
Short Blades   | 3 5 7 8 12 13 14 | 14.6
Fighting       | 3 5 7 |  7.2
Dodging        | 6 9 12 | 12.0
Shields        | 3 4 6 |  6.6
Invocations    | 4 8 11 | 11.2

Action                   |  1- 3 |  4- 6 |  7- 9 | 10-12 || total
-------------------------+-------+-------+-------+-------++-------
Melee: Rapier            |    34 |     4 |    42 |   125 ||   205
Invok: Line Pass         |       |       |       |     3 ||     3
  Use: Potion            |     2 |     1 |     3 |     2 ||     8
       Scroll            |       |       |       |     1 ||     1
 Stab: Sleeping          |       |     2 |     2 |     4 ||     8
       Invisible         |       |       |     6 |       ||     6
       Paralysed         |       |       |     3 |     4 ||     7
       Distracted        |       |       |     1 |     1 ||     2
       Confused          |       |       |       |     1 ||     1
Armor: Robe              |     1 |       |     2 |     1 ||     4
Dodge: Dodged            |    16 |       |    19 |    53 ||    88
Block: Buckler           |     5 |       |     9 |    22 ||    36
